 Dungeon Crawl Stone Soup version 0.17-a0-2069-g0f4ee5b (webtiles) character file.

304 brucemayne the Chopper (level 6, -6/48 HPs)
             Began as a Vine Stalker Berserker on Oct 13, 2015.
             Was a Believer of Trog.
             Mangled by a cyan ugly thing (10 damage)
             ... on level 6 of the Dungeon.
             The game lasted 00:04:41 (873 turns).

brucemayne the Chopper (Vine Stalker Berserker)      Turns: 873, Time: 00:04:42

Health: -6/48      AC: 10    Str: 29    XL:     6   Next: 38%
Magic:  0/7        EV: 11    Int:  7    God:    Trog [**....]
Gold:   96         SH:  0    Dex: 15    Spells: 0 memorised, 5 levels left

rFire  . . .     SeeInvis .     s - +0 war axe
rCold  . . .     Clarity  .     i - +0 scale mail
rNeg   . . .     SustAt   .     (no shield)
rPois  .         Gourm    .     t - +2 helmet
rElec  .         Spirit   +     (no cloak)
rCorr  .         Warding  .     (no gloves)
rMut   .         Stasis   .     n - +0 pair of boots of the Trees {Str+4}
MR     .....                    (no amulet)
Stlth  ..........               (no ring)
                                (no ring)

@: berserking, very quick, not resistant to hostile enchantments, extremely
unstealthy
A: fangs 2, regeneration 2, magic shield, antimagic bite, no device heal 3, rot
immunity
a: Burn Spellbooks, Berserk, Trog's Hand, Renounce Religion


You were on level 6 of the Dungeon.
You worshipped Trog.
Trog was pleased with you.
You were not hungry.

You visited 1 branch of the dungeon, and saw 6 of its levels.

You collected 96 gold pieces.

Inventory:

Hand Weapons
 a - a +0 hand axe
 s - a +0 war axe (weapon)
Missiles
 k - 4 poisoned needles
Armour
 b - a +0 animal skin
 f - a +0 chain mail
 i - a +0 scale mail (worn)
 n - the +0 pair of boots of the Trees (worn) {Str+4}
   (You found it on level 4 of the Dungeon)

   It affects your strength (+4).
 p - a +0 helmet
 t - a +2 helmet (worn)
Jewellery
 v - an uncursed ring of fire {unknown}
Wands
 g - a wand of flame (7)
 x - a wand of paralysis (13)
Scrolls
 d - 2 scrolls of teleportation
 h - a scroll of remove curse {unknown}
 l - a scroll of enchant armour {unknown}
 m - a scroll of enchant weapon {unknown}
 o - a scroll of identify {unknown}
 u - a scroll of random uselessness {unknown}
 w - a scroll of holy word {unknown}
Potions
 e - 2 potions of curing {unknown}
 j - a potion of magic {unknown}
 q - a potion of berserk rage {unknown}
 r - a potion of poison {unknown}
Comestibles
 c - 4 bread rations


   Skills:
 - Level 2.6 Fighting
 + Level 6.3 Axes
 - Level 1.5 Armour
 - Level 1.5 Dodging


You had 5 spell levels left.
You didn't know any spells.

Dungeon Overview and Level Annotations

Branches:
Dungeon (6/15)
 Temple: D:4-7

Altars:
The Shining One

Annotations:
D:3 Terence


Innate Abilities, Weirdness & Mutations

You have extremely sharp teeth.
You heal very quickly.
When hurt, damage is shared between your health and your magic reserves.
Your bite disrupts and absorbs the magic of your enemies.
Potions and wands cannot restore your health.
You are immune to rotting.


Message History

You feel invigorated.
The cyan ugly thing is moderately wounded.
The cyan ugly thing trunk-slaps you! The cyan ugly thing shocks you!
* * * LOW HITPOINT WARNING * * *
You barely miss the cyan ugly thing. Your bite misses the cyan ugly thing.
The cyan ugly thing is moderately wounded.
The cyan ugly thing barely misses you.
You closely miss the cyan ugly thing. You bite the cyan ugly thing.
You drain its power.
You feel invigorated.
The cyan ugly thing is moderately wounded.
You barely miss the cyan ugly thing.
The cyan ugly thing is moderately wounded.
The cyan ugly thing barely misses you.
You closely miss the cyan ugly thing. You bite the cyan ugly thing!
You drain its power.
The cyan ugly thing is heavily wounded.
The cyan ugly thing trunk-slaps you!
* * * LOW HITPOINT WARNING * * *
The cyan ugly thing shocks you!
You die...

#.# #.# #.# #.# #.#
#.# #.####.####.#
#.#####...........#
#............#......
#######.######.#....
#.# #.# ### #.# #.#
#.######@####
#.......u...#
########.##.# #.# #
#.# #.# #.# #.. ###


You could see a cyan ugly thing.

Vanquished Creatures
  A giant frog (D:3)
  A crimson imp (D:6)
  2 hounds
  A giant frog zombie (D:6)
  An orc priest (D:4)
  A worker ant (D:6)
  An adder (D:3)
  3 oozes
  An adder skeleton (D:4)
  An adder zombie (D:5)
  A worm (D:4)
  A giant gecko (D:2)
  3 orcs (D:4)
  A ball python (D:1)
  2 hobgoblins (D:3)
  4 jackals
  4 bats
  4 giant cockroaches
  2 kobolds
  3 quokkas
  3 rats
41 creatures vanquished.

Notes
Turn   | Place    | Note
--------------------------------------------------------------
     0 | D:1      | brucemayne the Vine Stalker Berserker began the quest for the Orb.
     0 | D:1      | Reached XP level 1. HP: 11/11 MP: 2/2
     0 | D:1      | Noticed an orb of fire
     0 | D:1      | Noticed a tentacled monstrosity
     3 | D:1      | Noticed a shadow dragon
     3 | D:1      | Noticed an orb of fire
     5 | D:1      | Noticed a shadow dragon
     7 | D:1      | Noticed an orb of fire
     8 | D:1      | Noticed a large abomination
    10 | D:1      | Noticed a tentacled monstrosity
    10 | D:1      | Noticed an ice dragon
    13 | D:1      | Noticed a red draconian
    15 | D:1      | Noticed a shadow dragon
    15 | D:1      | Noticed an ice dragon
    17 | D:1      | Noticed a large abomination
    17 | D:1      | Noticed a mottled draconian
    17 | D:1      | Noticed an orb of fire
    19 | D:1      | Noticed a shadow dragon
    21 | D:1      | Noticed a large abomination
    40 | D:1      | Reached skill level 3 in Axes
    40 | D:1      | Reached XP level 2. HP: 12/16 MP: 3/3
   196 | D:3      | Found a glowing golden altar of the Shining One.
   227 | D:3      | Reached XP level 3. HP: 17/19 MP: 4/4
   258 | D:3      | Reached ** piety under Trog
   263 | D:3      | Noticed a giant frog
   269 | D:3      | Killed a giant frog
   269 | D:3      | Reached skill level 4 in Axes
   269 | D:3      | Reached XP level 4. HP: 23/23 MP: 5/5
   342 | D:4      | Reached skill level 5 in Axes
   342 | D:4      | Reached XP level 5. HP: 18/27 MP: 6/6
   362 | D:4      | Got a pair of scorched boots
   368 | D:4      | Identified the +0 pair of boots of the Trees {Str+4} (You found it on level 4 of the Dungeon)
   482 | D:3      | Noticed Terence
   630 | D:5      | Entered Level 5 of the Dungeon
   713 | D:6      | Gained mutation: You heal very quickly. [Vine Stalker growth]
   713 | D:6      | Reached XP level 6. HP: 32/32 MP: 7/7
   730 | D:6      | Reached skill level 6 in Axes
   863 | D:6      | Noticed a cyan ugly thing
   873 | D:6      | Mangled by a cyan ugly thing

Vault maps used:
D:1:      shiori_arrival_whats_in_store_for_you, serial_bayou,
          serial_bayou_pond_d, serial_bayou_shore_b, serial_bayou_crossing,
          serial_bayou_shore_b
D:2:      zin_purify, hangedman_decor_clover_reticule, serial_bayou_lagoon_a,
          st_stairs_9
D:3:      okawaru_trees_2, tso_metal_star, uniq_terence
D:4:      first_bread, uniq_duvessa
D:5:      minitemple, serial_shops, nicolae_shop_window_shopping,
          trog_three_pillars_becter
D:6:      minmay_temple_entry_fiery, serial_shops, shop_statue, st_stairs_3

Action                   |  1- 3 |  4- 6 || total
-------------------------+-------+-------++-------
Melee: Hand axe          |    37 |    62 ||    99
       War axe           |       |     6 ||     6
Invok: Berserk           |     3 |     3 ||     6
  Use: Scroll            |       |     1 ||     1
  Eat: Chunk             |       |     1 ||     1
       Bread ration      |       |     1 ||     1
